AoeStats
← 轉隊長就跳海

Oasis

510103946Analyzed
4v4 RM · 2d ago on Sep 29, 2026· 43m 41s· 8 players
Game mode
Random Map
Map size
Large (8 player)
Population
200
Speed
Normal
Resources
Standard
Victory
Conquest
Starting age
Dark Age
Ending age
Imperial Age
RankedLock teamsTeams togetherTeam positionsShared explorationLock speedFull tech treeHidden civsTurbo modeCheats
Victory
Defeat
🇹🇼 Maya · Taiwan
1147
+11
🇹🇼 Khmer · Taiwan
1111
+12
🇹🇼 Vietnamese · Taiwan
1089
+13
🇹🇼 Magyars · Taiwan
1054
+16
🇺🇾 Burgundians · Uruguay
1061
-14
🇹🇷 Franks · Türkiye
1057
-14
🇺🇾 Byzantines · Uruguay
1002
-12
🇺🇾 Saxons · Uruguay
1002
-12
A Casa Gordito
11:24 Feudal Age
16:53 Castle Age
15:47 Horse Collar
15:53 Double-Bit Axe
17:21 Gold Mining
17:24 Cavalier
20:17 Scale Barding Armor
23:22 Forging
24:07 Bow Saw
25:06 Wheelbarrow
24:59 Husbandry
26:41 Chain Barding Armor
26:56 Iron Casting
30:23 Iron Casting
30:04 Heavy Plow
31:05 Two-Man Saw
33:41 Crop Rotation
35:25 Hand Cart
38:39 Imperial Age
37:33 Stone Mining
38:19 Gold Shaft Mining
38:10 Loom
38:10 Town Watch
38:47 Burgundian Vineyards
39:03 Paladin
41:43 Plate Barding Armor
42:09 Blast Furnace
Vincun
11:28 Feudal Age
13:37 Loom
16:09 Castle Age
25:43 Husbandry
38:06 Imperial Age
35:55 Fletching
37:43 Forging
37:39 Scale Barding Armor
37:30 Bodkin Arrow
38:10 Cavalier
40:16 Conscription
39:51 Horse Collar
40:04 Double-Bit Axe
41:39 Squires
40:59 Pikeman
Danubio Futbol Club
10:26 Feudal Age
14:09 Castle Age
13:41 Double-Bit Axe
13:48 Horse Collar
15:27 Loom
31:22 Forging
34:43 Fletching
34:54 Padded Archer Armor
34:57 Town Watch
37:28 Iron Casting
36:53 Scale Mail Armor
36:38 Elite Skirmisher
39:12 Bodkin Arrow
39:33 Leather Archer Armor
43:44 Imperial Age
Akıncı
7:37 Loom
10:02 Feudal Age
10:58 Double-Bit Axe
14:40 Scale Barding Armor
23:12 Castle Age
22:10 Forging
24:15 Chain Barding Armor
25:37 Iron Casting
28:47 Light Cavalry
DumboBean
7:48 Loom
10:59 Feudal Age
18:02 Castle Age
17:32 Stone Mining
17:32 Horse Collar
20:31 Double-Bit Axe
23:46 Wheelbarrow
26:27 Bow Saw
26:51 Gold Mining
28:42 Hand Cart
29:35 Heavy Plow
31:20 Fletching
31:31 Padded Archer Armor
33:10 Thumb Ring
33:03 Bodkin Arrow
33:24 Leather Archer Armor
34:39 Ballistics
34:21 Town Watch
35:07 Treadmill Crane
38:43 Imperial Age
36:59 Town Patrol
38:07 Elite Skirmisher
39:51 Paper Money
39:44 Elite Rattan Archer
41:04 Bracer
41:34 Ring Archer Armor
43:35 Imperial Skirmisher
se972130
10:37 Feudal Age
9:56 Loom
12:48 Town Watch
15:13 Castle Age
13:28 Double-Bit Axe
14:13 Horse Collar
15:01 Bloodlines
15:45 Scale Barding Armor
18:01 Husbandry
21:00 Wheelbarrow
24:22 Bow Saw
25:02 Chain Barding Armor
25:36 Forging
25:43 Gold Mining
28:33 Hand Cart
28:18 Town Patrol
31:48 Gold Shaft Mining
36:04 Imperial Age
33:10 Light Cavalry
36:45 Iron Casting
36:02 Fletching
36:19 Cavalier
37:51 Conscription
39:05 Blast Furnace
40:36 Plate Barding Armor
40:41 Double Crossbow
42:11 Heavy Scorpion
43:02 Hussar
轉隊長就跳海
0:37 Loom
13:03 Feudal Age
17:02 Castle Age
21:36 Scale Barding Armor
31:16 Double-Bit Axe
36:34 Chain Barding Armor
36:48 Corvinian Army
清華校草
0:30 Loom
9:52 Feudal Age
10:26 Double-Bit Axe
13:15 Horse Collar
14:06 Fletching
24:52 Castle Age
24:00 Padded Archer Armor
25:06 Crossbowman
25:43 Bodkin Arrow
27:38 Thumb Ring
31:20 Ballistics
39:56 Imperial Age
39:54 Wheelbarrow
40:31 Leather Archer Armor
40:03 Arbalester
40:49 Bracer
41:52 Chemistry
Connection lost

Rejoining the realm…

Still unreachable

The connection could not be restored.

Session expired

The server has moved on; the page needs a fresh start.